 Dungeon Crawl Stone Soup version 0.23.1 (webtiles) character file.

Game seed: 0

89 ohad the Changer (level 4, -3/28 HPs)
             Began as an Octopode Transmuter on Mar 1, 2019.
             Slain by a gnoll (8 damage)
             ... on level 2 of the Dungeon on Mar 2, 2019.
             The game lasted 00:05:50 (1500 turns).

ohad the Changer (Octopode Transmuter)              Turns: 1500, Time: 00:05:51

Health: -3/28      AC:  2    Str:  9    XL:     4   Next: 55%
Magic:  6/8        EV: 19    Int: 16    God:
Gold:   71         SH:  0    Dex: 17    Spells: 3/9 levels left

rFire    . . .     SeeInvis .     - Unarmed
rCold    . . .     Gourm    .   (shield currently unavailable)
rNeg     . . .     Faith    .   (helmet currently unavailable)
rPois    x         Spirit   .   (no amulet)
rElec    .         Reflect  .   (no ring)
rCorr    .         Harm     .   (no ring)
MR       .....                  (no ring)
Stlth    ++........             (no ring)
HPRegen  0.09/turn              (no ring)
MPRegen  0.11/turn              (no ring)
                                (no ring)
                                (no ring)

@: spider-form (expiring)
A: tiny, almost no armour, stealthy swim, (amphibious), 8 rings, (constrict 8)
a: End Transformation


You were on level 2 of the Dungeon.
You were not hungry.
You were a venomous arachnid creature.
You visited 1 branch of the dungeon, and saw 2 of its levels.

You collected 71 gold pieces.

Inventory:

Missiles
 a - 71 arrows
Scrolls
 b - 2 scrolls of enchant weapon {unknown}
 e - a scroll of magic mapping {unknown}
 f - a scroll of teleportation {unknown}
 g - 2 scrolls of identify {unknown}
 i - a scroll of amnesia {unknown}
 j - a scroll of fear {unknown}
Potions
 h - a potion of degeneration {unknown}
Comestibles
 c - 2 rations
 d - 12 chunks of flesh


   Skills:
 - Level 1.0 Fighting
 - Level 2.0 Dodging
 - Level 3.0 Unarmed Combat
 + Level 3.0 Spellcasting
 - Level 3.9 Transmutations


You had 3 spell levels left.
You knew the following spells:

 Your Spells              Type           Power        Failure   Level  Hunger
a - Beastly Appendage     Tmut           ##....       12%         1    #......
b - Sticks to Snakes      Tmut           ##......     16%         2    ##.....
c - Spider Form           Tmut/Pois      #.........   47%         3    ###....

Your spell library contained the following spells:

 Spells                   Type           Power        Failure   Level  Hunger
 Ice Form                 Ice/Tmut       #.......     82%         4    #####..
 Blade Hands              Tmut           ##........   87%         5    ######.


Dungeon Overview and Level Annotations

Branches:
Dungeon (2/15)

Altars:
Ru


Innate Abilities, Weirdness & Mutations

You cannot wear most types of armour.
You are very stealthy in the water. (Stealth+)
((You are amphibious.))
You can wear up to eight rings at the same time.
((You can use your tentacles to constrict eight enemies at once.))
((Your skin changes colour to match your surroundings (Stealth+).))
((Your rubbery body absorbs attacks. (AC +1, EV +1)))


Message History

Your Spellcasting skill increases to level 3!
The gnoll closely misses you. x2
You hit the gnoll.
The gnoll is poisoned.
The gnoll is lightly wounded.
Your transformation is almost over.
The gnoll hits you. The gnoll completely misses you.
The gnoll hits you with a +0 club.
You hit the gnoll.
The gnoll looks as sick as possible!
The gnoll is moderately wounded.
The gnoll hits you! The gnoll misses you.
The gnoll hits you but does no damage.
You closely miss the gnoll.
The gnoll is severely wounded.
The gnoll closely misses you. The gnoll misses you. The gnoll misses you.
The gnoll hits you. The gnoll hits you with a +0 spear.
* * * LOW HITPOINT WARNING * * *
You hit the gnoll.
The gnoll is poisoned.
The gnoll is lightly wounded.
The gnoll barely misses you. The gnoll hits you!
You die...

######### #....gg.#
#...gs..#
.....####.# ###
#....### #.##...#
.#.#....#####
.[..._......########
###....#.#..........
#...##.#.#....#...
###....#.#....#...


You could see 3 gnolls.

Vanquished Creatures
  Robin (D:2)
  A gnoll (D:2)
  An adder (D:2)
  An ooze (D:1)
  A worm (D:2)
  2 dart slugs (D:1)
  2 giant cockroaches (D:1)
  14 goblins
  4 hobgoblins
  5 jackals
  4 kobolds
  2 bats (D:1)
  4 frilled lizards
  5 rats (D:1)
47 creatures vanquished.

Notes
Turn   | Place    | Note
-------+----------+-------------------------------------------
     0 | D:1      | ohad the Octopode Transmuter began the quest for the Orb.
     0 | D:1      | Reached XP level 1. HP: 13/13 MP: 3/3
   123 | D:1      | Reached XP level 2. HP: 6/18 MP: 3/5
   745 | D:1      | Reached XP level 3. HP: 20/23 MP: 6/6
  1189 | D:2      | Learned a level 2 spell: Sticks to Snakes
  1193 | D:2      | Learned a level 3 spell: Spider Form
  1267 | D:2      | Noticed Robin
  1277 | D:2      | Killed Robin
  1277 | D:2      | Reached XP level 4. HP: 24/28 MP: 3/7
  1476 | D:2      | Found a sacrificial altar of Ru.
  1500 | D:2      | Slain by a gnoll

Skill      XL: |  1  2  3  4 |
---------------+-------------+-----
Transmutations | 3 |  3.9
Spellcasting   | 3 |  3.0
Fighting       | |  1.0
Dodging        | |  2.0
Unarmed Combat | |  3.0

Action                   |  1- 3 |  4- 6 || total
-------------------------+-------+-------++-------
Melee: Unarmed           |    66 |    37 ||   103
       Kick              |    14 |     1 ||    15
       Constrict         |    19 |     4 ||    23
       Tentacles         |     9 |     1 ||    10
       Punch             |     1 |       ||     1
 Cast: Beastly Appendage |    12 |     3 ||    15
       Spider Form       |     1 |     2 ||     3
 Stab: Sleeping          |     4 |     1 ||     5
  Eat: Chunk             |     1 |     1 ||     2
Armor: Skin              |     3 |       ||     3
Dodge: Dodged            |    38 |    34 ||    72
